[Event "Live Chess"]
[Site "Chess.com"]
[Date "2023.05.21"]
[Round "-"]
[White "Vitalii18a"]
[Black "WilliWeisswurst"]
[Result "0-1"]
[WhiteElo "1145"]
[BlackElo "1779"]
[TimeControl "300"]
[EndTime "4:05:39 PDT"]
[Termination "WilliWeisswurst won on time"]

1. e4 c5 2. c3 d6 3. Bd3 e6 4.
Nf3 Nc6 5. Bc2 Nf6 6. O-O Be7 7. Re1 O-O 8. d4 cxd4 9. cxd4 Nb4 10. Bb3 h6 11. a3 Nc6 12. d5 exd5 13. exd5 Na5 14. Bc2 Re8 15. h3 b5 16. Nh2 Bb7 17. Nc3 Rc8 18.
Qf3 Bf8 19. Qg3 Rxe1+ 20. Nf1 Rxc1 21. Rxc1 Nxd5 22. Nxb5 Ba6 23. Qd3 Nf6 24. a4 d5 25.
Ng3 Bxb5 26. axb5 Bc5 27. Nh5 Ne4 28. Kh2 Qd6+ 29. g3 Bxf2 30. Rf1 Qc5 31. Bb1 Nc4 32. Qf3 Ne5 33. Qf4 Ng6 34. Qf5 Qxb5 35. Bxe4 Qxf1 36. Qxc8+ Kh7 37. h4 Bg1+ 38. Kh1 Bd4+ 39.
Kh2 Qg1+ 40. Kh3 Qf1+ 41. Kh2 Qg1+ 42. Kh3 Qf2 43. Qe8 Bf6 44. Nxf6+ gxf6 0-1

[Event "Live Chess"]
[Site "Chess.com"]
[Date "2023.05.21"]
[Round "-"]
[White "HadesLearmonth"]
[Black "sanjesh_ananda"]
[Result "0-1"]
[WhiteElo "1189"]
[BlackElo "1243"]
[TimeControl "300"]
[EndTime "4:05:52 PDT"]
[Termination "sanjesh_ananda won by resignation"]

1. e4 e5 2. Nf3 Nc6 3. Bb5 Nf6 4. c3 Be7 5. d4 exd4 6. cxd4 Nxe4 7. Qe2 Nd6 8. Bxc6 dxc6 9. O-O O-O 10. Nc3 Bg4 11.
Ne4 Nf5 12. Neg5 Bxg5 13. Bxg5 Qxg5 14. Nxg5 Bxe2 15. Rfe1 Bc4 16. b3 Bd5 17. Re5 Nxd4 18. Rd1 Nc2 19. Rd3 f6 20. Rexd5 cxd5 21. Rxd5 fxg5 22.
Rxg5 Rae8 23. h3 Re2 0-1

[Event "Live Chess"]
[Site "Chess.com"]
[Date "2023.05.21"]
[Round "-"]
[White "misha464"]
[Black "MarkLim1"]
[Result "0-1"]
[WhiteElo "753"]
[BlackElo "1684"]
[TimeControl "300"]
[EndTime "4:05:55 PDT"]
[Termination "MarkLim1 won by resignation"]

1. e4 e6 2. Nf3 d5 3. Nc3 Nf6 4. exd5 exd5 5. Qe2+ Be7 6. d3 O-O 7. Bg5 Re8 8. Qd2 d4 9. Ne4 Nxe4 10. Bxe7 Nxd2 11.
Kxd2 Rxe7 0-1

[Event "Live Chess"]
[Site "Chess.com"]
[Date "2023.05.21"]
[Round "-"]
[White "chrisbradgate"]
[Black "Crowded_House"]
[Result "0-1"]
[WhiteElo "873"]
[BlackElo "1635"]
[TimeControl "300"]
[EndTime "4:06:01 PDT"]
[Termination "Crowded_House won on time"]

1. d4 e6 2. Bf4 d5 3. e3 c5 4. c3 Nc6 5. Bd3 Qb6 6. b3 Nge7 7.
Nd2 Ng6 8. Bg3 Be7 9. Ngf3 O-O 10. O-O Bf6 11. h4 cxd4 12. exd4 Bd7 13. h5 Nge7 14. Ne5 Nxe5 15. dxe5 Bg5 16. Nf3 Bh6 17. Bh2 Nf5 18. g4 Ne7 19. g5 Bxg5 20. Nxg5 h6 21. Nf3 Nc6 22. Nd4 Nxe5 23. Bxe5 f6 24. Bg3 e5 25. Nc2 Bh3 26. Re1 d4 27. Kh2 Bd7 28. Rg1 dxc3 29. f4 exf4 30. Bxf4 Kh8 31. Qf3 Bc6 32. Qg3 Rf7 33. Bg6 Rd7 34. Be3 Qb5 35. Nd4 Qa6 36. Nxc6 Qxc6 37. Rad1 Rxd1 38. Rxd1 c2 39. Rd6 Qc8 40. Bxh6 gxh6 41. Rxf6 c1=Q 42. Qf3 Q1c2+ 0-1

[Event "Live Chess"]
[Site "Chess.com"]
[Date "2023.05.21"]
[Round "-"]
[White "ameetghasi100"]
[Black "SupremeTactician"]
[Result "0-1"]
[WhiteElo "2591"]
[BlackElo "2230"]
[TimeControl "300"]
[EndTime "4:06:15 PDT"]
[Termination "SupremeTactician won on time"]

1. d4 Nf6 2. c4 e6 3. Nc3 b6 4.
Nf3 Bb7 5. e3 Be7 6. Bd3 O-O 7.
O-O d6 8. b3 Nbd7 9. Bb2 Re8 10.
Ne2 Nf8 11. Ng3 Ng6 12. Qc2 Rc8 13. Rac1 c5 14. d5 exd5 15. cxd5 Bxd5 16. Rfd1 Bxf3 17. gxf3 Qc7 18. Nf5 Bf8 19. Bxf6 gxf6 20. f4 d5 21. Be2 d4 22. Bf3 dxe3 23. fxe3 Rcd8 24.
h4 Ne7 25. Qg2+ Kh8 26. Ng3 Rxd1+ 27. Rxd1 Rd8 28. Qb2 Rxd1+ 29. Bxd1 Bg7 30. Nh5 Qd6 31. Bf3 Nf5 32. Qg2 Bf8 33. Qe2 Nxh4 34. Bh1 Nf5 35. e4 Nd4 36. Qg4 f5 37. exf5 Qe7 38. Bg2 Qe3+ 39. Kh2 Qe2 40. Qh3 Bh6 41. f6 Ne6 42.
Qf5 Qe3 43. Kh1 Qc1+ 44. Kh2 Bxf4+ 45. Kh3 Qe3+ 46. Kg4 Bh6 47. Be4 Qg5+ 48. Qxg5 Bxg5 49. Bd5 Bd2 50. a4 Nd8 51. Bc4 Bb4 52. Kf5 a5 53.
Bd5 b5 54. Nf4 bxa4 55. bxa4 Kg8 56. Nd3 Kf8 57. Ne5 Bc3 58. Nc4 Ke8 59. Nd6+ Kd7 60. Ne4 Nc6 61. Nxc5+ Kd6 62. Ne4+ Kxd5 63. Nxc3+ Kc4 64.
Nb5 Kb4 65. Nc7 Kxa4 66. Nd5 Nd4+ 67. Ke4 Nb3 68. Nc3+ Kb4 69. Nd5+ Ka3 70. Ne3 a4 71. Nc4+ Ka2 72. Ne3 Kb1 73. Nd5 a3 74. Nc3+ Kb2 75.
Na4+ Kc2 76. Nc3 a2 77. Na4 a1=Q 78. Nc3 Qe1+ 79. Ne2 Qc3 0-1

[Event "Live Chess"]
[Site "Chess.com"]
[Date "2023.05.21"]
[Round "-"]
[White "Chesscoach_Golichenko"]
[Black "wot-not"]
[Result "1-0"]
[WhiteElo "2618"]
[BlackElo "1568"]
[TimeControl "300"]
[EndTime "4:06:19 PDT"]
[Termination "Chesscoach_Golichenko won by resignation"]

1. d4 Nf6 2. c4 g6 3. Nc3 Bg7 4. e4 d6 5. Be2 O-O 6. Bg5 c5 7.
d5 e5 8. Qd2 a6 9. a4 Nbd7 10.
h4 Qb6 11. a5 Qb4 12. f3 b6 13. Ra4 Qxb2 14. Qxb2 1-0

[Event "Live Chess"]
[Site "Chess.com"]
[Date "2023.05.21"]
[Round "-"]
[White "f4nomore"]
[Black "matt1979"]
[Result "0-1"]
[WhiteElo "1390"]
[BlackElo "1554"]
[TimeControl "300"]
[EndTime "4:06:20 PDT"]
[Termination "matt1979 won by resignation"]

1. d4 e6 2. Nf3 f5 3. e3 Nf6 4. Bd3 Be7 5. O-O O-O 6. Nc3 b6 7. a3 Bb7 8. Ne5 d6 9. Nc4 Qe8 10. d5 Nxd5 11. Nxd5 Bxd5 12. Nd2 Qg6 13. e4 fxe4 14.
Nxe4 Qf7 15. Ng3 g6 16. Bh6 Re8 17. Qg4 Bf6 18. c3 Bg7 19. Be3 Nc6 20. c4 Ne5 21.
Qd4 Bb7 22. Qg4 Nxg4 0-1

[Event "Live Chess"]
[Site "Chess.com"]
[Date "2023.05.21"]
[Round "-"]
[White "gmnorfolk"]
[Black "JoshMcK"]
[Result "1-0"]
[WhiteElo "2107"]
[BlackElo "1511"]
[TimeControl "300"]
[EndTime "4:06:21 PDT"]
[Termination "gmnorfolk won by resignation"]

1. d4 d5 2. c4 e6 3. Nc3 Nf6 4. cxd5 exd5 5. Bg5 c6 6. e3 Be7 7. Bd3 O-O 8. Qc2 Re8 9. h3 Ne4 10. Bxe7 Qxe7 11. Nf3 Nxc3 12. bxc3 Nd7 13. Bxh7+ Kh8 14. Bd3 Nf6 15. O-O Ne4 16. Bxe4 Qxe4 17. Qxe4 Rxe4 18. Nd2 Re6 19. c4 Rg6 20. Kh2 dxc4 21. Nxc4 Be6 22.
Ne5 Rf6 23. f4 Bd5 24. g4 Re6 25. Nxf7+ Kg8 26. Ne5 Rae8 27. f5 R6e7 28. f6 gxf6 29. Rxf6 c5 30. Raf1 cxd4 31. exd4 Bxa2 32. Ra1 Bd5 33.
Rxa7 Rc7 34. Ra5 Rc2+ 35. Kg3 Bc6 36. Nxc6 bxc6 37. Rc5 Rxc5 38. dxc5 Rc8 39. g5 Kg7 40.
Rd6 Kf7 41. Kg4 Kg7 42. h4 1-0

[Event "Live Chess"]
[Site "Chess.com"]
[Date "2023.05.21"]
[Round "-"]
[White "Ocelot32"]
[Black "Swetha_Queen"]
[Result "1-0"]
[WhiteElo "1379"]
[BlackElo "351"]
[TimeControl "300"]
[EndTime "4:06:34 PDT"]
[Termination "Ocelot32 won by checkmate"]

1. e4 e5 2. Nf3 Nf6 3. Nxe5 Nxe4 4. Bc4 Bd6 5. Nxf7 O-O 6. Nxd8+ Rf7 7. Nxf7 Nc5 8. Qf3 c6 9. Nh6+ Kh8 10. Qf7 Be7 11. Qg8# 1-0

[Event "Live Chess"]
[Site "Chess.com"]
[Date "2023.05.21"]
[Round "-"]
[White "HoarseyHorsey"]
[Black "EdenHazard8"]
[Result "0-1"]
[WhiteElo "1458"]
[BlackElo "1949"]
[TimeControl "300"]
[EndTime "4:06:38 PDT"]
[Termination "EdenHazard8 won by resignation"]

1. d4 Nf6 2. c4 e6 3. Nc3 d5 4. cxd5 exd5 5. Bg5 c6 6. e3 Bd6 7. Nf3 h6 8. Bh4 O-O 9. Bd3 Re8 10. O-O Nbd7 11.
Re1 Nf8 12. Qc2 Be7 13. e4 dxe4 14. Nxe4 Nxe4 15. Bxe7 Qxe7 16. Bxe4 Be6 17. d5 cxd5 18. Bxd5 Rac8 19. Qb3 Qc7 20. Bxe6 Nxe6 21. Rad1 Nf4 22. Re3 Rxe3 23. Qxe3 Qc2 24. Re1 Nd3 25. Rf1 Nxb2 26.
Nd4 Qd3 27. Qf4 Rc4 28. Qb8+ Kh7 29. Nf3 Nd1 30. Ne5 Qd4 31. Nxc4 Nc3 32. Ne3 Qd3 33.
Qxb7 f5 34. h4 f4 35. Ng4 Ne2+ 36. Kh1 Ng3+ 37. fxg3 Qxf1+ 38. Kh2 fxg3+ 39. Kxg3 Qd3+ 40. Qf3 Qd6+ 41. Kh3 Qe6 42. Qd3+ g6 43. Kg3 h5 44.
Ne3 Qxa2 45. Qd7+ Kh6 46. Qd6 Qf7 47. Nd5 Kg7 48. Qf4 Qxd5 0-1

[Event "Live Chess"]
[Site "Chess.com"]
[Date "2023.05.21"]
[Round "-"]
[White "mikeybaby1986"]
[Black "JoeRoot66"]
[Result "0-1"]
[WhiteElo "1299"]
[BlackElo "1918"]
[TimeControl "300"]
[EndTime "4:06:39 PDT"]
[Termination "JoeRoot66 won by resignation"]

1. e4 c6 2. Nf3 d5 3. d4 dxe4 4. Ng5 Nf6 5. Nc3 Bf5 6. f3 exf3 7. Qxf3 Bg6 8. Bc4 h6 9. Nge4 Nxe4 10. Nxe4 Qxd4 11.
Qe3 Qxe4 12. Qxe4 Bxe4 13. O-O e6 14. Bf4 Nd7 15. Rfe1 Bd5 16. Bd3 Bc5+ 17. Kh1 O-O 18. c4 Bxc4 19. Bxc4 Nf6 20. Rad1 Rfd8 21. Be5 Nd5 22. h3 Ne3 23. Rxd8+ Rxd8 24. b4 Nxc4 0-1

[Event "Live Chess"]
[Site "Chess.com"]
[Date "2023.05.21"]
[Round "-"]
[White "Ian-Morley"]
[Black "howitzer14"]
[Result "0-1"]
[WhiteElo "1051"]
[BlackElo "2890"]
[TimeControl "300"]
[EndTime "4:06:41 PDT"]
[Termination "howitzer14 won by resignation"]

1. d4 d5 2. Nf3 Bf5 3. Bf4 c5 4. e3 Nc6 5. c3 Qb6 6. Qb3 c4 7. Qxb6 axb6 8. b3 b5 9. bxc4 bxc4 10. Ne5 e6 11. Nxc6 bxc6 12. h3 Nf6 13. Nd2 Ba3 14. g4 Bg6 15. g5 Nd7 16. Nf3 Bb2 17. Rd1 Bxc3+ 18. Nd2 Rxa2 19. e4 Bxe4 20. Ke2 Bxh1 21. Bd6 Bxd4 22. f4 c3 0-1

[Event "Live Chess"]
[Site "Chess.com"]
[Date "2023.05.21"]
[Round "-"]
[White "Ferrarifan27"]
[Black "Singapourfeuj"]
[Result "1/2-1/2"]
[WhiteElo "2076"]
[BlackElo "2195"]
[TimeControl "300"]
[EndTime "4:06:55 PDT"]
[Termination "Game drawn by stalemate"]

1. e4 e6 2. d4 d5 3. e5 c5 4. c3 Nc6 5. Nf3 Bd7 6. a3 Nge7 7. b4 cxd4 8. cxd4 Ng6 9. Bb2 f6 10. exf6 Qxf6 11. Be2 Bd6 12. O-O O-O 13. Nbd2 Nf4 14. g3 Nxe2+ 15. Qxe2 a6 16. Kg2 Rae8 17. Ne5 Bxe5 18. dxe5 Qh6 19. Nb3 Rf5 20. Nc5 Bc8 21.
h4 Ref8 22. Nd3 b6 23. Rac1 Bd7 24. Nf4 Rxf4 25. gxf4 Qxf4 26. Kh3 d4 27. Qg4 Qxg4+ 28. Kxg4 Nxe5+ 29. Kg3 Rf3+ 30. Kh2 Rd3 31. Rcd1 Nf3+ 32. Kh1 Rxd1 33. Rxd1 e5 34. h5 Bc6 35. Kg2 Kf7 36.
Kg3 h6 37. Rc1 Bd5 38. Rc7+ Kf6 39. Rd7 Be4 40. Rd6+ Kg5 41. Rxb6 Kxh5 42. Rxa6 Ne1 43. Re6 Nd3 44. Bxd4 Bf5 45. Rxe5 Nxe5 46. Bxe5 Bd7 47. Bxg7 Kg5 48. Bd4 h5 49. Be3+ Kf5 50. Kh4 Be8 51. a4 Bxa4 52. Kxh5 Be8+ 53. Kh4 Bb5 54. Bc5 Kf4 55.
Kh5 Kf5 56. Kh6 Kf6 57. Bd4+ Kf5 58. Kg7 Ke4 59. Bc5 Kf5 60. Kf7 Ke5 61. Ke7 Kd5 62. f4 Ke4 63. Bd6 Bc6 64. Kd8 Bb5 65. Kc7 Ba4 66.
Kb6 Kd5 67. Be5 Kc4 68. Ka5 Bd7 69. Bd6 Kd5 70. Bb8 Kc4 71. Bc7 Be8 72. f5 Kd5 73. f6 Ke6 74. Bd8 Kd7 75. Be7 Kc6 76. b5+ Kb7 77. b6 Bf7 78. Kb5 Be8+ 79. Kc5 Bf7 80. Bd8 Kc8 81. Bc7 Kb7 82. Kd6 Bb3 83. Ke7 Bc4 84. f7 Bxf7 85. Kxf7 Ka8 86. Ke6 Kb7 87. Kd7 Ka8 88. Bd8 Kb7 89. Bc7 Ka8 90. Bg3 Kb7 91. Bf2 Ka8 92. Kc6 Kb8 93. b7 1/2-1/2

[Event "Live Chess"]
[Site "Chess.com"]
[Date "2023.05.21"]
[Round "-"]
[White "smoggyrabbit"]
[Black "Missedidea"]
[Result "0-1"]
[WhiteElo "1699"]
[BlackElo "1853"]
[TimeControl "300"]
[EndTime "4:07:28 PDT"]
[Termination "Missedidea won on time"]

1. d4 Nf6 2. Nf3 g6 3. e3 Bg7 4. Be2 O-O 5. O-O d6 6. b3 Nbd7 7. Bb2 Ne4 8. Nbd2 f5 9. Bc4+ Kh8 10. Nxe4 fxe4 11. Ng5 Nf6 12. Nf7+ Rxf7 13. Bxf7 d5 14. c4 c6 15. cxd5 cxd5 16. f3 Qf8 17. fxe4 Qxf7 18. e5 Qe6 19. exf6 Qxe3+ 20. Kh1 Bxf6 21. Rf3 Qe4 22.
Qd3 Bf5 23. Qxe4 dxe4 24. Rff1 Rd8 25. Rfd1 Kg8 26. Rac1 Rd7 27. Ba1 e3 28. d5 e2 29.
Rd2 Bg5 30. Rc8+ Kf7 31. Rxe2 Rxd5 32. Re1 Bxc8 33. Rf1+ Rf5 34. Rxf5+ Bxf5 35. g3 Ke6 36. Kg1 Kd5 37. Kf2 e5 38. Ke2 e4 39. Bb2 Bg4+ 40.
Ke1 e3 41. Bc1 Ke4 42. Bb2 Kd3 43. Ba3 Bf6 44. Bc5 Bc3+ 45. Kf1 e2+ 46. Kg2 e1=Q 0-1

[Event "Live Chess"]
[Site "Chess.com"]
[Date "2023.05.21"]
[Round "-"]
[White "LiamClery2020"]
[Black "TheSmoulderingMaster"]
[Result "1-0"]
[WhiteElo "2005"]
[BlackElo "1643"]
[TimeControl "300"]
[EndTime "4:07:28 PDT"]
[Termination "LiamClery2020 won by resignation"]

1. e4 c5 2. Nf3 d6 3. Bb5+ Nd7 4.
Bxd7+ Bxd7 5. O-O Bc6 6. Re1 e5 7. c3 Nf6 8. d4 cxd4 9. cxd4 exd4 10. Nxd4 Be7 11. Nc3 O-O 12. Nf5 Bd7 13. Nxd6 Bxd6 14. Qxd6 Bc6 15. Qg3 Bxe4 16. Bg5 Bg6 17. Rad1 Qb6 18.
Na4 Qb4 19. b3 Ne4 20. Qh4 Nxg5 21. Qxb4 1-0

[Event "Live Chess"]
[Site "Chess.com"]
[Date "2023.05.21"]
[Round "-"]
[White "Bunny55"]
[Black "Woodpusher500"]
[Result "0-1"]
[WhiteElo "982"]
[BlackElo "1024"]
[TimeControl "300"]
[EndTime "4:07:40 PDT"]
[Termination "Woodpusher500 won by checkmate"]

1. e4 e5 2. Nf3 Nc6 3. Bb5 f5 4. Nc3 fxe4 5. Nxe4 d5 6. Ng3 Bd7 7. O-O Nf6 8. Re1 Bd6 9. d4 e4 10. Bxc6 Bxc6 11. Ne5 Bxe5 12. dxe5 Nd7 13. Nf5 O-O 14. Qg4 g6 15. Bh6 Rxf5 16. Re3 Nf6 17. exf6 Qxf6 18.
Rg3 Rxf2 19. Bg5 Qf7 20. Be3 Rf6 21. Bd4 Rf5 22. Qh4 Bb5 23. Qh6 Rf1+ 24. Rxf1 Qxf1# 0-1

[Event "Live Chess"]
[Site "Chess.com"]
[Date "2023.05.21"]
[Round "-"]
[White "apl_trainer"]
[Black "Abde2012"]
[Result "1-0"]
[WhiteElo "1790"]
[BlackElo "743"]
[TimeControl "300"]
[EndTime "4:07:47 PDT"]
[Termination "apl_trainer won by resignation"]

1. d4 c6 2. c4 d5 3. Nf3 dxc4 4. e4 Bg4 5. Bxc4 e6 6. Qb3 Qa5+ 7. Nc3 Qb6 8. Qxb6 axb6 9. Ne5 Bb4 10. Nxg4 Bxc3+ 11. bxc3 Nf6 12. Nxf6+ gxf6 13. O-O Rg8 14. a4 Na6 15. Bf4 Rg4 16. g3 e5 17. f3 Rg6 18. Be3 Nc7 19.
Rfb1 b5 20. axb5 Rxa1 21. Rxa1 cxb5 22. Bd3 exd4 23. cxd4 h5 24. Ra7 Na6 1-0

[Event "Live Chess"]
[Site "Chess.com"]
[Date "2023.05.21"]
[Round "-"]
[White "WilliamofOrange16th"]
[Black "davigator"]
[Result "0-1"]
[WhiteElo "1865"]
[BlackElo "2326"]
[TimeControl "300"]
[EndTime "4:07:53 PDT"]
[Termination "davigator won by resignation"]

1. e4 c5 2. Nc3 Nc6 3. f4 g6 4. Nf3 Bg7 5. Bc4 Nh6 6. d3 O-O 7. O-O d6 8. h3 e6 9. g4 f5 10. Ng5 Nd4 11. Ne2 Nf7 12. Nxf7 Rxf7 13. c3 Nc6 14. Ng3 d5 15. Bb3 Na5 16. Bc2 b6 17. e5 Nc6 18. d4 Ba6 19. Rf2 Rc8 20. Be3 cxd4 21. cxd4 Nb4 22. Bb1 Bh6 23. a3 Nc6 24. g5 Bf8 25. b4 Bc4 26. Bd3 a5 27. Bxc4 dxc4 28. bxa5 Nxa5 29. Rb1 Bxa3 30. Ra2 Bf8 31. d5 Bc5 32. Bxc5 Rxc5 33. d6 Rd7 34. Ne2 c3 35. Rc2 Qc8 36. Qd3 Rb7 37. Rxc3 Rxc3 38. Nxc3 Qc5+ 39. Kg2 Rd7 40. Rb5 Qc6+ 41. Qf3 Qxf3+ 42.
Kxf3 Nc4 43. Na4 Rb7 44. Rb4 b5 45. Nc5 Rb8 46. Nxe6 Kf7 47. Nc7 Nd2+ 48. Ke2 Ne4 49. Rxe4 fxe4 50. e6+ Kf8 51. Ke3 b4 52. Kxe4 b3 53.
Ke5 b2 54. e7+ Kf7 55. e8=Q+ Rxe8+ 56. Nxe8 b1=Q 57. d7 Ke7 58. Nf6 Qe1+ 59. Kd5 Qh1+ 60. Kc5 Qxh3 61. Kc6 Qc3+ 62. Kb7 Qd4 63. Kc7 Qc5+ 64.
Kb7 Qd6 65. Kc8 Qc6+ 66. Kb8 Kd8 67. Ka7 Qb5 68. f5 gxf5 0-1

[Event "Live Chess"]
[Site "Chess.com"]
[Date "2023.05.21"]
[Round "-"]
[White "JoeyCage"]
[Black "ZackirtyChess"]
[Result "1-0"]
[WhiteElo "2302"]
[BlackElo "1183"]
[TimeControl "300"]
[EndTime "4:07:58 PDT"]
[Termination "JoeyCage won by checkmate"]

1. e4 e5 2. Nf3 Nc6 3. Bb5 a6 4. Bxc6 dxc6 5. d4 exd4 6. Qxd4 Bg4 7. Nbd2 Qxd4 8. Nxd4 Nf6 9. f3 Bh5 10. Ne2 Bc5 11. Nb3 Bb6 12. Ng3 Bg6 13. Bg5 Nd7 14. O-O-O Nc5 15. Nxc5 Bxc5 16. Bf4 Bb6 17. h4 h6 18. h5 Bh7 19. Rh4 O-O 20. Rg4 Rfe8 21. Bxh6 g6 22. Bf4 Rad8 23. hxg6 fxg6 24. Rh1 Re7 25.
Bg5 Red7 26. Bxd8 Rxd8 27. Rgh4 Rd7 28. Rxh7 Rxh7 29. Rxh7 Kxh7 30. Kd2 Kg7 31. Ne2 Kf6 32. Kd3 Ke5 33. f4+ Ke6 34. Nd4+ Kd6 35. e5+ Ke7 36.
Ke4 Bxd4 37. Kxd4 Ke6 38. Ke4 b6 39. g4 c5 40. f5+ gxf5+ 41. gxf5+ Kf7 42. Kd5 a5 43.
Kc6 c4 44. Kxc7 b5 45. Kb6 a4 46. a3 b4 47. c3 Ke7 48. Kc5 bxa3 49. bxa3 Kd7 50.
Kxc4 Ke7 51. Kd5 Kf7 52. c4 Ke7 53. c5 Kd7 54. c6+ Kc7 55. f6 Kd8 56. e6 Ke8 57. c7 Kf8 58. c8=Q# 1-0

[Event "Live Chess"]
[Site "Chess.com"]
[Date "2023.05.21"]
[Round "-"]
[White "Doge_Dandolo"]
[Black "FlorinHristea"]
[Result "1-0"]
[WhiteElo "1879"]
[BlackElo "1830"]
[TimeControl "300"]
[EndTime "4:07:59 PDT"]
[Termination "Doge_Dandolo won by resignation"]

1. Nf3 d5 2. d4 c5 3. g3 Nc6 4. Bg2 Bf5 5. O-O e6 6. c4 Nf6 7. cxd5 exd5 8. Bg5 Be7 9. Bxf6 Bxf6 10. Nc3 cxd4 11.
Nb5 O-O 12. Nbxd4 Be4 13. Qd2 Qa5 14. Qxa5 Nxa5 15. Rac1 Rac8 16. b3 Nc6 17. Nxc6 Rxc6 18. Rxc6 bxc6 19. Rc1 Rc8 20. e3 Kf8 21. Kf1 Ke7 22. Ne1 Bxg2+ 23. Nxg2 g5 24. h4 h6 25. hxg5 hxg5 26. g4 Kd6 27. Ne1 a5 28. Nd3 Rb8 29.
Nc5 Bb2 30. Rc2 Ba3 31. Na4 Re8 32. Nc3 Bb4 33. Ne2 Re4 34. Nd4 Rxg4 35. Rxc6+ Kd7 36. Rf6 Ke7 37. Rf5 f6 38. Rxd5 Rh4 39. Nf5+ 1-0

[Event "Live Chess"]
[Site "Chess.com"]
[Date "2023.05.21"]
[Round "-"]
[White "LiamBellwood"]
[Black "Conradical12"]
[Result "1-0"]
[WhiteElo "1909"]
[BlackElo "1565"]
[TimeControl "300"]
[EndTime "4:08:06 PDT"]
[Termination "LiamBellwood won by resignation"]

1. d4 Nf6 2. Nc3 e5 3. dxe5 Ng4 4. e4 Nxe5 5. f4 Bb4 6. fxe5 Qh4+ 7. Kd2 O-O 8. Nf3 Qxe4 9. Bd3 Qg4 10. Qe2 Nc6 11. a3 Bxc3+ 12. Kxc3 Re8 13. h3 Qh5 14. g4 1-0

[Event "Live Chess"]
[Site "Chess.com"]
[Date "2023.05.21"]
[Round "-"]
[White "RoaringKnights"]
[Black "DoYouLikeCurry"]
[Result "0-1"]
[WhiteElo "1076"]
[BlackElo "1402"]
[TimeControl "300"]
[EndTime "4:08:09 PDT"]
[Termination "DoYouLikeCurry won by checkmate"]

1. e4 c6 2. Bc4 d5 3. exd5 cxd5 4. Bb5+ Nc6 5. d3 Qa5+ 6. Nc3 d4 7. Bxc6+ bxc6 8.
b4 Qxb4 9. a3 Qxc3+ 10. Bd2 Qc5 11. Qe2 Nf6 12. c4 e5 13. Nf3 Bg4 14. Qxe5+ Qxe5+ 15.
Nxe5 c5 16. Rb1 Bd6 17. Nxg4 Nxg4 18. h3 Nf6 19. O-O O-O 20. Bg5 Be7 21. Bxf6 Bxf6 22.
Rb5 Rfc8 23. a4 Rab8 24. Rfb1 Rxb5 25. axb5 Bd8 26. Ra1 Bb6 27. Kh2 Re8 28. Kg3 Re2 29. Kf3 Rd2 30. Ke4 Rxf2 31. g4 Re2+ 32. Kf3 Re3+ 33. Kf4 Rxd3 34. Re1 g6 35. Kg5 Re3 36. Rf1 Bd8+ 37. Kf4 Rxh3 38. g5 d3 39. Kg4 Re3 40. Rd1 Bxg5 41. Kxg5 Re4 42. Rxd3 Kg7 43. Rd7 h6# 0-1

[Event "Live Chess"]
[Site "Chess.com"]
[Date "2023.05.21"]
[Round "-"]
[White "JormaIbo"]
[Black "JanMur7"]
[Result "0-1"]
[WhiteElo "446"]
[BlackElo "1978"]
[TimeControl "300"]
[EndTime "4:08:09 PDT"]
[Termination "JanMur7 won by resignation"]

1. e4 e5 2. Nf3 Nc6 3. Bc4 Bc5 4. O-O Nf6 5. d3 d6 6. Nc3 Bg4 7. h3 Bh5 8. a3 Nd4 9. Nd5 Nxd5 10. Bxd5 c6 11. Bb3 Nxf3+ 12. gxf3 Qf6 13. Qd2 Qxf3 14. Qg5 h6 15. Qg3 Qxg3+ 0-1

[Event "Live Chess"]
[Site "Chess.com"]
[Date "2023.05.21"]
[Round "-"]
[White "Nazar_777"]
[Black "Dhaydon19"]
[Result "0-1"]
[WhiteElo "1580"]
[BlackElo "2697"]
[TimeControl "300"]
[EndTime "4:08:10 PDT"]
[Termination "Dhaydon19 won by checkmate"]

1. e3 c6 2. h4 d5 3. a3 Nf6 4. c4 g6 5. cxd5 cxd5 6. Nc3 Nc6 7.
Nf3 Bg7 8. Be2 O-O 9. Qc2 e5 10. Ng5 Bf5 11. Bd3 e4 12. Be2 h6 13. Nh3 d4 14. Nb1 d3 15. Qd1 dxe2 16. Qxe2 Ne5 17. Nc3 Bg4 18. Qb5 Nd3+ 19. Kf1 Re8 20. g3 Re5 21.
Qxb7 g5 22. hxg5 hxg5 23. Nxg5 Rxg5 24. Nxe4 Bf3 25. Nxf6+ Qxf6 26. Qc7 Bxh1 27. f4 Bf3 28. fxg5 Qf5 29. Qf4 Qh3+ 30. Kg1 Qg2# 0-1

[Event "Live Chess"]
[Site "Chess.com"]
[Date "2023.05.21"]
[Round "-"]
[White "ChessTWSS"]
[Black "Shepherds_Pie"]
[Result "0-1"]
[WhiteElo "1627"]
[BlackElo "1948"]
[TimeControl "300"]
[EndTime "4:08:12 PDT"]
[Termination "Shepherds_Pie won by checkmate"]

1. d4 d5 2. Bf4 Nf6 3. e3 c5 4. c3 Nc6 5. Nd2 g6 6. Ngf3 Bg7 7. Bd3 O-O 8. Ne5 c4 9. Bc2 Qe8 10. a3 Nd7 11. h3 Ndxe5 12. Bxe5 Nxe5 13. dxe5 Bxe5 14. Nf3 Bg7 15. Qxd5 Be6 16. Qxb7 Rb8 17. Qxa7 Rxb2 18. Ba4 Bxc3+ 19. Kf1 Qd8 20. Rd1 Qb8 21. Qxb8 Rfxb8 22. Ng5 Bf5 23. g4 Bd3+ 24. Kg2 h6 25. Nf3 Be4 26. h4 Bd2 27. Rxd2 Bxf3+ 28. Kxf3 Rxd2 29.
Rd1 Rxd1 30. Bxd1 Rb2 31. Kg3 c3 32. f4 c2 33. Bxc2 Rxc2 34. g5 hxg5 35. hxg5 Ra2 36. Kg4 Rxa3 37. f5 Rxe3 38. fxg6 fxg6 39. Kf4 Ra3 40.
Kg4 Ra5 41. Kh4 Kf7 42. Kg4 Ke6 43. Kf4 Ra4+ 44. Kg3 Kf5 45. Kf3 e5 46. Ke3 Ra3+ 47. Kd2 Ke4 48. Kc2 Kd4 49. Kb2 Rh3 50. Kc2 e4 51.
Kb2 Kc4 52. Ka2 Kb4 53. Kb2 Rh2+ 54. Kc1 Kc3 55. Kd1 e3 56. Ke1 Kd3 57. Kf1 Ra2 58. Ke1 Ra1# 0-1

[Event "Live Chess"]
[Site "Chess.com"]
[Date "2023.05.21"]
[Round "-"]
[White "McSlash1"]
[Black "lateforthesky"]
[Result "0-1"]
[WhiteElo "2003"]
[BlackElo "2132"]
[TimeControl "300"]
[EndTime "4:08:16 PDT"]
[Termination "lateforthesky won by resignation"]

1. e4 c5 2. Nc3 a6 3. f4 b5 4. a3 Bb7 5. Nf3 e6 6. d3 Nf6 7. Be2 d5 8. O-O dxe4 9. dxe4 Qxd1 10. Rxd1 Nc6 11. e5 Nd5 12. Nxd5 exd5 13. Ng5 Nd4 14.
Bd3 h6 15. Nf3 Nxf3+ 16. gxf3 c4 17. Bf5 Bc5+ 18. Kg2 d4 19. Bd2 O-O 20. a4 b4 21.
Be1 g6 22. Be4 Bxe4 23. fxe4 Rfd8 24. Bf2 Rac8 25. c3 bxc3 26. bxc3 d3 27. Bxc5 Rxc5 28. Rab1 g5 29. Kf3 Kf8 30. Rb6 d2 31. Rxa6 gxf4 32. Kxf4 Rd3 33. Rxh6 Ra5 34. e6 fxe6 35. Rxe6 Rxa4 36.
e5 Ra3 37. Rc6 Raxc3 38. h4 Rc1 0-1

[Event "Live Chess"]
[Site "Chess.com"]
[Date "2023.05.21"]
[Round "-"]
[White "peter-785"]
[Black "YrrriKharkiv"]
[Result "0-1"]
[WhiteElo "1189"]
[BlackElo "2061"]
[TimeControl "300"]
[EndTime "4:08:31 PDT"]
[Termination "YrrriKharkiv won by resignation"]

1. e4 e6 2. Nf3 d5 3. exd5 exd5 4.
d4 c6 5. Be2 Bd6 6. O-O Ne7 7.
Re1 Nd7 8. Nbd2 O-O 9. Nf1 Re8 10. Ng3 Nf8 11. c3 f6 12. Qb3 Qc7 13. c4 Be6 14. c5 Bxg3 15. fxg3 Neg6 16. Bd3 Qd7 17. Nh4 Nxh4 18.
gxh4 Bf5 19. Bxf5 Rxe1+ 20. Kf2 Qxf5+ 21. Kxe1 Re8+ 22. Kd2 Qf2+ 0-1

[Event "Live Chess"]
[Site "Chess.com"]
[Date "2023.05.21"]
[Round "-"]
[White "PaulHumphreys"]
[Black "1PRK1"]
[Result "0-1"]
[WhiteElo "1346"]
[BlackElo "1357"]
[TimeControl "300"]
[EndTime "4:08:36 PDT"]
[Termination "1PRK1 won by resignation"]

1. d4 Nf6 2. Nc3 e6 3. e4 d5 4. e5 Nfd7 5. f4 c5 6. Be3 a6 7.
Nf3 Nc6 8. Be2 Be7 9. O-O O-O 10.
Bd3 c4 11. Be2 b5 12. a3 b4 13. Na4 a5 14. Nc5 Nxc5 15. dxc5 f6 16. Nd4 Nxd4 17.
Bxd4 Qc7 18. Bh5 Bxc5 19. Kh1 Qb6 20. c3 b3 21. exf6 Bxd4 22. fxg7 Bxg7 23. Qg4 e5 24. Qg5 Rf5 25. Qh4 Qf6 26. Qxf6 Bxf6 27. Bg4 Rxf4 28.
Rxf4 exf4 29. Bxc8 Rxc8 30. Re1 Kf7 31. Kg1 Re8 0-1